 Dungeon Crawl Stone Soup version 0.21-a0-260-g9b2435e (webtiles) character file.

203562 MirrMurr the Slayer (level 18, -14/182 HPs)
             Began as a Hill Orc Berserker on Sept 7, 2017.
             Was the Champion of Trog.
             Demolished by a jumping spider (18 damage)
             ... on level 4 of the Spider Nest.
             The game lasted 02:04:43 (34046 turns).

MirrMurr the Slayer (Hill Orc Berserker)           Turns: 34046, Time: 02:04:43

Health: -14/182    AC: 29    Str: 22    XL:     18   Next: 62%
Magic:  0/18       EV: 13    Int:  7    God:    Trog [******]
Gold:   2742       SH: 18    Dex: 16    Spells: 17/17 levels left

rFire    . . .     SeeInvis .   a - +4 demon trident (vamp)
rCold    . . .     Gourm    .   p - +1 shield
rNeg     + . .     Faith    .   X - +0 plate armour {rPois}
rPois    +         Spirit   +   f - +2 hat of the Bear Spirit {Spirit, +Rage rN+ MR++}
rElec    .         Reflect  +   L - +1 cloak
rCorr    .         Harm     .   V - +2 pair of gloves
MR       ++++.                  K - +2 pair of boots {run}
Stlth    ..........             M - +3 amulet of reflection
HPRegen  0.40/turn              t - ring of protection from magic
MPRegen  0.16/turn              (no ring)

@: lethally poisoned (-14 -> -43), quick
A: no striking features
}: 1/15 runes: decaying
a: Berserk, Trog's Hand, Brothers in Arms, Burn Spellbooks, Renounce Religion,
Evoke Berserk Rage


You were on level 4 of the Spider Nest.
You worshipped Trog.
Trog was exalted by your worship.
You were hungry.

You visited 6 branches of the dungeon, and saw 32 of its levels.
You visited the Abyss 1 time.
You also visited: Bailey.

You collected 3166 gold pieces.
You spent 424 gold pieces at shops.

Inventory:

Hand Weapons
 a - a +4 vampiric demon trident (weapon)
 S - a +0 demon trident of pain
Missiles
 d - a throwing net {!f}
 E - 7 javelins of penetration (quivered)
Armour
 f - the +2 hat of the Bear Spirit (worn) {Spirit, +Rage rN+ MR++}
   (You found it on level 6 of the Lair of Beasts)

   It protects you from negative energy.
   It affects your resistance to hostile enchantments.
   It lets you go berserk.
 p - a +1 shield (worn)
 K - a +2 pair of boots of running (worn)
 L - a +1 cloak (worn)
 V - a +2 pair of gloves (worn)
 X - a +0 plate armour of poison resistance (worn)
Jewellery
 g - an uncursed ring of fire
 t - a ring of protection from magic (left hand)
 C - an uncursed ring of ice
 D - an uncursed ring of poison resistance
 M - a +3 amulet of reflection (around neck)
Wands
 e - a wand of iceblast (9/15)
 A - a wand of lightning (5/15)
 G - a wand of disintegration (9/24)
 I - a wand of acid (5/15)
 J - a wand of digging (10/24)
 P - a wand of digging (12/24)
 Q - a wand of clouds (3/9)
 T - a wand of paralysis (8/24)
Scrolls
 b - a scroll of summoning
 m - 12 scrolls of teleportation
 o - 3 scrolls of fear
 r - 7 scrolls of remove curse
 v - 4 scrolls of recharging
 w - 8 scrolls of blinking
 x - a scroll of fog
 y - a scroll of immolation
 H - 2 scrolls of identify
 W - 7 scrolls of magic mapping
Potions
 h - a potion of ambrosia
 i - 3 potions of invisibility
 k - 6 potions of flight
 l - 9 potions of agility
 n - 7 potions of heal wounds
 s - 7 potions of magic
 u - 18 potions of curing
 z - 2 potions of cancellation
 F - 8 potions of might
 N - 2 potions of resistance
 R - a potion of haste
 Z - 4 potions of mutation
Comestibles
 c - 21 bread rations
 j - 37 fruits
 q - 21 meat rations
 B - 5 royal jellies
 O - 3 chunks of flesh


   Skills:
 * Level 21.2 Fighting
 - Level 14.6 Polearms
 + Level 15.9 Armour
 * Level 10.2 Dodging
 - Level 15.3 Shields


You had 17 spell levels left.
You didn't know any spells.

Dungeon Overview and Level Annotations

Branches:
Dungeon (15/15)            Temple (1/1) D:7            Lair (6/6) D:11
  Swamp (4/4) Lair:3       Spider (4/4) Lair:4        Slime (0/5) Lair:6
    Orc (2/2) D:11            Elf (0/3) Orc:2        Vaults (0/5) D:13
 Depths (0/5) D:15

Altars:
Cheibriados
Dithmenos
Elyvilon
Fedhas
Gozag
Hepliaklqana
Kikubaaqudgha
Makhleb
Nemelex Xobeh
Okawaru
Ru
Sif Muna
Trog
Uskayaw
Vehumet
Wu Jian
Xom
Zin
The Shining One
Jiyva

Shops:
D:8 :   D:14 =   Orc:1 }(%%   Orc:2 }(!?:(

Portals:
Pandemonium: Orc:2


Message History

You feel very sick. The redback bites you.
* * * LOW HITPOINT WARNING * * *
The jumping spider pounces on you but does no damage.
The jumping spider barely misses you. The jumping spider pounces on you!
* * * LOW HITPOINT WARNING * * *
The jumping spider bites you but does no damage.
The redback closely misses you.
The jumping spider pounces on you but does no damage.
The jumping spider bites you but does no damage.
The jumping spider pounces on you but does no damage.
The jumping spider bites you.
* * * LOW HITPOINT WARNING * * *
The web tears apart.
* * * LOW HITPOINT WARNING * * *
You feel very sick. The redback bites you!
* * * LOW HITPOINT WARNING * * *
The jumping spider pounces on you!!
You die...

**,,*,.....#,..####..#.#,**,*
****,,*,*#...#.#.#.....#.^#,##,*
**,,,,*,,,,.#..#.#.#.#...#.#..^,*
,*,#.#^.#**#.......#.§.#......,,.
,,,...#.#.,#.##.#s.#.#....#.###.#
,##..#^..#.##..#.#..y#..#..#..#..
#....^##......#s.s##...##....#..#
.#.#.....#.#..#s#s.s#.s#^###...#.
#...#..#..#..###@sy^#.#^s#..^..§.
.#.#.#^.#........#...#^.#s...###.
#.#^#....#.^##.##.#..#^.$.^.s..§.
..^..##...#.........#.#..........
#.#.......#.#^##.#.##.#....$^....
†..#.#..#..#...............##§≈≈≈
##...^..#....#.8..8..8..8.####≈≈#
.#..#†##.....#............#*##§≈#
#..##^..#..#†#.8..8..8..8..##≈≈##


You could see a moth of wrath, 2 orb spiders, 2 jumping spiders, a tarantella
(berserk) and a redback (berserk).

Vanquished Creatures
  Saint Roka (Orc:2)
  A profane servitor (Abyss:1)
  A bone dragon (Abyss:1)
  4 thorn hunters
  Gastronok (Lair:3)
  Agnes (Spider:4)
  An emperor scorpion (Spider:2)
  2 ghost moths
  2 entropy weavers (Spider:1)
  A very ugly thing (D:14)
  A spark wasp (Spider:3)
  Snorg (D:12)
  A blizzard demon (Abyss:1)
  A rakshasa (Abyss:1)
  22 hydras
  4 catoblepae
  A ghost crab (Swamp:1)
  7 alligators
  7 two-headed ogres
  A tengu warrior (D:14)
  14 centaur warriors
  11 death yaks
  5 orc high priests (Orc:2)
  Urug (D:13)
  Nergalle (Lair:1)
  A spatial maelstrom (Abyss:1)
  An infernal demonspawn (Orc:2)
  A spriggan druid (Swamp:2)
  An unseen horror (D:14)
  2 shambling mangroves
  2 torturous demonspawn (Orc:2)
  5 swamp dragons
  3 wizards
  6 orc knights
  A necromancer (D:15)
  10 orb spiders
  A deep elf mage (D:14)
  2 wolf spider zombies
  12 wolf spiders
  7 orc sorcerers (Orc:2)
  13 ugly things
  A worldbinder (Abyss:1)
  The ghost of smzp the Chiller, a novice VSIE (D:7)
  5 oklob plants
  2 moths of wrath
  2 cyclopes (D:13)
  Maurice (D:8)
  2 manticores (Lair:6)
  A black mamba (Lair:4)
  2 elephants (Lair:3)
  A rust devil (Orc:2)
  An apocalypse crab (Abyss:1)
  2 naga magi (D:15)
  A torpor snail (Spider:2)
  14 spiny frogs
  5 rime drakes
  A komodo dragon (shapeshifter) (D:14)
  12 komodo dragons
  7 demonic crawlers
  A redback zombie (Spider:4)
  2 efreet
  A tengu conjurer (D:14)
  A silent spectre (Abyss:1)
  A red devil (Orc:2)
  A troll (Orc:2)
  25 jumping spiders
  A queen bee (Lair:3)
  11 hornets
  Grinder (D:4)
  Prince Ribbit (D:5)
  23 slime creatures
  8 dream sheep
  6 tyrant leeches
  6 raiju (Abyss:1)
  29 blink frogs
  13 bog bodies
  4 flying skulls (Abyss:1)
  3 spectral jumping spiders (Spider:4)
  8 hippogriffs
  57 redbacks
  A spriggan (D:10)
  A ynoxinul (Orc:2)
  3 shadows
  A centaur simulacrum (D:15)
  15 tarantellas
  2 large abominations (Abyss:1)
  29 yaks
  A wraith (D:12)
  3 wyverns
  5 chaos spawn
  16 humans
  A hungry ghost (D:13)
  A human (shapeshifter) (D:15)
  6 basilisks
  8 vampire mosquitoes
  36 swamp worms
  2 wargs (Orc:1)
  2 acid dragons
  25 insubstantial wisps
  16 water moccasins
  3 porcupines
  14 swamp drakes
  A black bear (shapeshifter) (D:13)
  38 orc warriors
  2 black bears
  A necrophage (D:8)
  5 ice beasts
  11 ogres
  6 phantoms
  21 centaurs
  3 sky beasts
  An eye of draining (D:15)
  9 crocodiles
  2 big kobolds
  17 bullfrogs
  5 scorpions
  8 wights
  30 killer bees
  2 electric eels
  8 howler monkeys
  10 crimson imps
  A bullfrog zombie (D:6)
  3 centaur zombies
  3 centaur skeletons
  6 hounds
  3 jellies
  31 orc priests
  An iron imp (D:8)
  Crazy Yiuf (D:5)
  3 iguanas
  Ijyb (D:5)
  22 orc wizards
  16 worker ants
  A hell rat (Lair:6)
  2 hound zombies
  4 hound skeletons
  13 gnolls (Bailey)
  12 adders
  2 shadow imps
  A white imp (Abyss:1)
  An ufetubus (Abyss:1)
  An ooze (D:3)
  An adder zombie (D:5)
  An adder skeleton (D:9)
  13 worms
  3 dart slugs
  7 leopard geckos
  86 orcs
  6 ball pythons
  2 bats
  4 giant cockroaches
  17 goblins
  16 hobgoblins
  9 jackals
  20 kobolds
  4 quokkas
  6 frilled lizards
  A leopard gecko skeleton (D:5)
  A leopard gecko zombie (D:5)
  A quokka zombie (D:7)
  9 rats
  2 briar patches (Swamp:4)
  A fire vortex (D:14)
  2 fungi (Lair:6)
1136 creatures vanquished.

Vanquished Creatures (collateral kills)
  2 emperor scorpions
  A spark wasp (Spider:4)
  A spectral wolf spider (Spider:4)
  A wolf spider (Spider:4)
  An orb spider (Spider:4)
  An ancient zyme (Orc:1)
  3 jumping spiders
  A spectral jumping spider (Spider:4)
  A spectral tarantella (Spider:4)
  3 redbacks (Spider:4)
  2 tarantellas (Spider:4)
  A hornet zombie (Spider:4)
  2 orc warriors (Orc:1)
  A crocodile (Lair:1)
21 creatures vanquished.

Vanquished Creatures (others)
  A jumping spider (Spider:1)
  A tarantella (Spider:4)
  An orc warrior (Orc:2)
  A sky beast (D:6)
  2 orc wizards
  A briar patch (Swamp:4)
  5 fungi
  14 plants
26 creatures vanquished.

Grand Total: 1183 creatures vanquished

Notes
Turn   | Place    | Note
-------+----------+-------------------------------------------
     0 | D:1      | MirrMurr the Hill Orc Berserker began the quest for the Orb.
     0 | D:1      | Reached XP level 1. HP: 19/19 MP: 1/1
    72 | D:1      | Reached XP level 2. HP: 27/27 MP: 2/2
   120 | D:1      | Reached skill level 4 in Fighting
   362 | D:1      | Reached XP level 3. HP: 30/33 MP: 3/3
   945 | D:2      | Reached XP level 4. HP: 39/41 MP: 4/4
  1017 | D:2      | Reached ** piety under Trog
  1047 | D:2      | Found a glowing silver altar of Zin.
  1184 | D:2      | Noticed a big kobold
  1208 | D:2      | Killed a big kobold
  1208 | D:2      | Reached skill level 1 in Shields
  1208 | D:2      | Reached XP level 5. HP: 29/47 MP: 5/5
  1439 | D:2      | Found a burning altar of Makhleb.
  1514 | D:3      | Found a blossoming altar of Fedhas.
  1782 | D:3      | Found an iron altar of Okawaru.
  1944 | D:3      | Reached skill level 5 in Fighting
  1944 | D:3      | Reached skill level 5 in Polearms
  2195 | D:4      | Reached XP level 6. HP: 50/56 MP: 6/6
  2254 | D:4      | Noticed Grinder
  2254 | D:4      | Paralysed by Grinder for 3 turns
  2839 | D:4      | Killed Grinder
  2839 | D:4      | Reached XP level 7. HP: 50/62 MP: 7/7
  3007 | D:5      | Entered Level 5 of the Dungeon
  3010 | D:5      | Noticed Ijyb
  3029 | D:5      | Killed Ijyb
  3285 | D:5      | Found a runed door.
  3289 | D:5      | Noticed Crazy Yiuf
  3295 | D:5      | Killed Crazy Yiuf
  3366 | D:5      | Reached skill level 6 in Fighting
  3430 | D:5      | Noticed a moth of wrath
  3469 | D:5      | Found a bloodstained altar of Trog.
  3486 | D:5      | Got a polished hunting sling
  3538 | D:5      | Noticed Prince Ribbit
  3655 | D:4      | Reached XP level 8. HP: 65/70 MP: 8/8
  3718 | D:5      | Killed Prince Ribbit
  3718 | D:5      | Reached skill level 5 in Armour
  3734 | D:5      | Found a sacrificial altar of Ru.
  3765 | D:5      | Found a shadowy altar of Dithmenos.
  3765 | D:5      | Found a glowing golden altar of the Shining One.
  3817 | D:5      | Reached *** piety under Trog
  3839 | D:5      | Identified the cursed +1 hunting sling "Zoxkoene" {freeze, rN+ Str+6 Int+4} (You found it on level 5 of the Dungeon)
  4096 | D:5      | Reached skill level 7 in Fighting
  4497 | D:6      | Found a transporter.
  4498 | D:6      | Found a radiant altar of Vehumet.
  4499 | D:6      | Found a transporter.
  4513 | D:6      | Noticed a centaur warrior
  4670 | D:6      | Reached XP level 9. HP: 64/79 MP: 9/9
  4709 | D:6      | Found a sparkling altar of Nemelex Xobeh.
  4799 | D:6      | Reached skill level 5 in Shields
  5023 | D:6      | Reached **** piety under Trog
  5516 | D:6      | Killed a centaur warrior
  5516 | D:6      | Reached skill level 8 in Fighting
  5658 | D:7      | Noticed smzp's ghost (novice VSIE)
  5673 | D:7      | Killed smzp's ghost
  5673 | D:7      | Reached skill level 10 in Polearms
  5673 | D:7      | Reached XP level 10. HP: 90/90 MP: 10/10
  5787 | D:7      | Found a staircase to the Ecumenical Temple.
  5795 | Temple   | Entered the Ecumenical Temple
  5984 | D:7      | Found a deep blue altar of Sif Muna.
  6166 | D:7      | Found a hazy altar of Hepliaklqana.
  6322 | D:8      | Found Foshut's Book Shop.
  6336 | D:8      | Found an opulent altar of Gozag.
  6378 | D:8      | Noticed a two-headed ogre
  6379 | D:8      | Noticed a two-headed ogre
  6386 | D:8      | Killed a two-headed ogre
  6392 | D:8      | Killed a two-headed ogre
  6392 | D:8      | Reached skill level 9 in Fighting
  6464 | D:8      | Noticed Maurice
  6475 | D:8      | Noticed a two-headed ogre
  6512 | D:8      | Killed a two-headed ogre
  6957 | D:8      | Killed Maurice
  6957 | D:8      | Reached XP level 11. HP: 99/99 MP: 11/11
  6983 | D:8      | Found a snail-covered altar of Cheibriados.
  7263 | D:8      | Found a hide-covered altar of Uskayaw.
  7366 | D:8      | You fall through a shaft for 2 floors!
  7366 | D:10     | Entered Level 10 of the Dungeon
  7369 | D:10     | Found an ancient bone altar of Kikubaaqudgha.
  7396 | D:10     | Reached ***** piety under Trog
  7549 | D:10     | Identified a +2 pair of boots of running (You found it on level 10 of the Dungeon)
  7758 | D:10     | Found a hazy altar of Hepliaklqana.
  7832 | D:9      | Found an ornate altar of the Wu Jian Council.
  7915 | D:9      | You fall through a shaft for 3 floors!
  8021 | D:12     | Reached skill level 10 in Fighting
  8115 | D:12     | Found a shimmering altar of Xom.
  8118 | D:12     | Found the -2 mace of Variability {chaos}
  8152 | D:12     | HP: 2/99 [chaos spawn (7)]
  8525 | D:12     | Noticed a brown ugly thing
  8536 | D:12     | Killed a brown ugly thing
  8679 | D:12     | Noticed Snorg
  8702 | D:12     | Killed Snorg
  9093 | D:11     | Noticed a green ugly thing
  9112 | D:11     | Killed a green ugly thing
  9215 | D:11     | Found a staircase to the Lair.
  9253 | D:11     | Found a staircase to the Orcish Mines.
 10227 | D:9      | Found an ancient bone altar of Kikubaaqudgha.
 10319 | D:8      | Found a white marble altar of Elyvilon.
 10736 | D:10     | Found an opulent altar of Gozag.
 10916 | D:10     | Noticed a two-headed ogre
 10933 | D:10     | Killed a two-headed ogre
 11053 | D:10     | You fall through a shaft for 2 floors!
 11195 | D:10     | Reached XP level 12. HP: 97/108 MP: 12/12
 11231 | D:11     | Identified a scroll of acquirement
 11270 | D:11     | Noticed a centaur warrior
 11286 | D:11     | Killed a centaur warrior
 11286 | D:11     | Reached skill level 11 in Fighting
 11824 | Lair:1   | Entered Level 1 of the Lair of Beasts
 11946 | Lair:1   | Noticed an eight-headed hydra
 11956 | Lair:1   | Killed an eight-headed hydra
 12064 | Lair:1   | Reached skill level 10 in Armour
 12254 | Lair:1   | Noticed Nergalle
 12274 | Lair:1   | Killed Nergalle
 12567 | Lair:1   | Reached skill level 10 in Shields
 13183 | Lair:2   | Received a gift from Trog
 13800 | Lair:3   | Found a staircase to the Swamp.
 13811 | Lair:3   | Noticed a six-headed hydra
 13834 | Lair:3   | Killed a six-headed hydra
 13975 | Lair:3   | Found the +2 Maxwell's thermic engine {flame, freeze, rF- rC-}
 14087 | Lair:3   | Noticed Gastronok
 14114 | Lair:3   | Killed Gastronok
 14114 | Lair:3   | Reached XP level 13. HP: 117/117 MP: 13/13
 14301 | Lair:3   | Reached skill level 12 in Fighting
 15577 | Lair:4   | Reached skill level 13 in Fighting
 15771 | Lair:4   | Found a hole to the Spider Nest.
 15781 | Lair:4   | Received a gift from Trog
 16169 | Lair:4   | Reached ****** piety under Trog
 17187 | Lair:6   | Entered Level 6 of the Lair of Beasts
 17229 | Lair:6   | Found the +2 hat of the Bear Spirit {Spirit, +Rage rN+ MR++}
 17250 | Lair:6   | Reached XP level 14. HP: 130/130 MP: 14/14
 17573 | Lair:6   | Reached skill level 14 in Fighting
 17585 | Lair:6   | Found a viscous altar of Jiyva.
 17585 | Lair:6   | Found a staircase to the Slime Pits.
 18274 | Lair:6   | Reached skill level 5 in Dodging
 18502 | Lair:6   | Reached skill level 15 in Fighting
 19365 | D:13     | Found a gate to the Vaults.
 19365 | D:13     | Noticed Urug
 19437 | D:13     | Received a gift from Trog
 19510 | D:13     | Killed Urug
 19952 | D:13     | Reached XP level 15. HP: 143/143 MP: 15/15
 20527 | D:14     | Found Wol Itos's Jewellery Boutique.
 20577 | D:14     | Reached skill level 16 in Fighting
 21096 | D:14     | Received a gift from Trog
 21198 | D:15     | Entered Level 15 of the Dungeon
 21458 | D:15     | Found a staircase to the Depths.
 21700 | D:15     | Reached skill level 17 in Fighting
 21954 | Orc:1    | Entered Level 1 of the Orcish Mines
 21955 | Orc:1    | Found Eqi Heyr's Food Shoppe.
 21961 | Orc:1    | Found Wiotu's Food Emporium.
 22063 | Orc:1    | Received a gift from Trog
 22106 | Orc:1    | Found a flagged portal.
 22168 | Bailey   | Entered a bailey
 22579 | Orc:1    | Found a shimmering altar of Xom.
 22586 | Orc:1    | Found Weumeg's Gadget Shoppe.
 22699 | Orc:1    | Found Malism's Antique Weapon Shoppe.
 22759 | Orc:2    | Entered Level 2 of the Orcish Mines
 22759 | Orc:2    | Noticed Saint Roka
 23127 | Orc:2    | Found a staircase to the Elven Halls.
 23133 | Orc:2    | Found Xawkusk's Quality Used Wands.
 23153 | Orc:2    | Cast into level 1 of the Abyss (orc warrior)
 23153 | Abyss:1  | Found a corrupted altar of Lugonu.
 23259 | Abyss:1  | Noticed a profane servitor
 23298 | Abyss:1  | Killed a profane servitor
 23368 | Abyss:1  | Received a gift from Trog
 23409 | Abyss:1  | Reached XP level 16. HP: 134/155 MP: 14/16
 23456 | Abyss:1  | Found a bloodstained altar of Trog.
 23485 | Abyss:1  | Noticed a bone dragon
 23516 | Abyss:1  | Killed a bone dragon
 23583 | Abyss:1  | Found a bloodstained altar of Trog.
 23628 | Orc:2    | Escaped the Abyss
 23890 | Orc:2    | Killed Saint Roka
 23975 | Orc:2    | Found Yrushis's Antique Weapon Shop.
 24122 | Orc:2    | Found Posog's Magic Scroll Shop.
 24165 | Orc:2    | Reached skill level 18 in Fighting
 24214 | Orc:2    | Found Iskeemam's Distillery.
 24238 | Orc:2    | Received a gift from Trog
 24286 | Orc:2    | Bought a scroll of identify for 32 gold pieces
 24286 | Orc:2    | Bought a scroll of identify for 32 gold pieces
 24288 | Orc:2    | Bought a potion of curing for 45 gold pieces
 24288 | Orc:2    | Bought a potion of heal wounds for 75 gold pieces
 24288 | Orc:2    | Bought a potion of might for 60 gold pieces
 24288 | Orc:2    | Bought a potion of might for 60 gold pieces
 24288 | Orc:2    | Bought a potion of agility for 60 gold pieces
 24288 | Orc:2    | Bought a potion of agility for 60 gold pieces
 24811 | Orc:2    | Found Jiull's Book Emporium.
 24811 | Orc:2    | Found a one-way gate leading to the halls of Pandemonium.
 24811 | Orc:2    | Found Qeqick's Antique Weapon Shoppe.
 25131 | Swamp:1  | Entered Level 1 of the Swamp
 25495 | Swamp:1  | Received a gift from Trog
 26500 | Swamp:2  | Reached XP level 17. HP: 114/166 MP: 7/17
 26613 | Swamp:2  | Reached skill level 19 in Fighting
 27283 | Swamp:3  | Received a gift from Trog
 28050 | Swamp:4  | Entered Level 4 of the Swamp
 28943 | Swamp:4  | Reached skill level 15 in Armour
 29083 | Swamp:4  | Received a gift from Trog
 29890 | Swamp:4  | Got a decaying rune of Zot
 30109 | Lair:4   | Reached skill level 15 in Shields
 30116 | Spider:1 | Entered Level 1 of the Spider Nest
 30196 | Spider:1 | Reached skill level 20 in Fighting
 30340 | Spider:1 | Received a gift from Trog
 30809 | Spider:1 | Reached XP level 18. HP: 135/178 MP: 8/18
 32437 | Spider:2 | Paralysed by a hornet for 2 turns
 33066 | Spider:3 | Received a gift from Trog
 33299 | Spider:3 | Reached skill level 10 in Dodging
 33399 | Spider:4 | Entered Level 4 of the Spider Nest
 33590 | Spider:4 | Reached skill level 21 in Fighting
 33701 | Spider:4 | Noticed Agnes
 33715 | Spider:4 | Killed Agnes
 33815 | Spider:4 | Received a gift from Trog
 34046 | Spider:4 | HP: 4/182 [redback (9)]
 34046 | Spider:4 | Demolished by a jumping spider

Vault maps used:
D:1:      dpeg_arrival_court
D:2:      zin_statuary, lemuel_coloured_pillars_altar, first_bread
D:3:      fedhas_altar_3, kennysheep_okawaru_gauntlet
D:4:      uniq_grinder
D:5:      cheibrodos_fzero, gammafunk_temple_overflow_elements,
          lemuel_round_altar, tgw_trog, uniq_prince_ribbit1,
          uniq_crazy_yiuf_cottage, uniq_ijyb
D:6:      gammafunk_temple_overflow_arena, basic_altar, dk_vineyard_3
D:7:      marbit_many_paths, kennysheep_mini_moat, temple_fountains,
          minivault_19
D:8:      nicolae_overflow_hidden_temple, slow_altar_1, kennysheep_little_box,
          old_standard_altar, serial_shops, shop, uniq_maurice
D:9:      lemuel_doored_altar, kennysheep_mini, abandoned_shop
D:10:     the_bakery, hangedman_feature_mirror, nicolae_gozag_seed_capital
D:11:     lair_entry_dummy, david_orc_2
D:12:     grunt_ministairs_4, minmay_guarded_unrand_variability, uniq_snorg
D:13:     david_vaults_3, nrook_loot_triangle
D:14:     minmay_misc_feat_columns, serial_shops, shop
D:15:     grunt_enter_depths_magical_seal, serial_bayou_pond_a
Temple:   corrupted_temple
Lair:1:   uniq_nergalle
Lair:3:   regret_index_tunnel_blossom, swamp_mist_pool, uniq_gastronok
Lair:4:   dummy_spider_entry, portal_ice_cave_entry_pillars_1,
          serial_bayou_lake_a, grunt_megastairs_1, lemuel_fruit_fields
Lair:5:   nicolae_lair_grove_arrangements
Lair:6:   evilmike_catoblepas_cave, slime_altar_1, grunt_megastairs_5,
          lemuel_fruit_fields, minmay_lair_oklob_chamber
Swamp:1:  evilmike_swamp_ruin_rubble_1, infiniplex_staircase_pool
Swamp:2:  evilmike_swamp_ruin_house_2, swamp_pool4
Swamp:3:  nicolae_swamp_triple_paths, nicolae_swamp_oklob_treasure_island
Swamp:4:  swamp_basic_johnstein
Spider:3: worms_lemuel
Spider:4: floodkiller_spider_rune_tomb, nicolae_orb_stairs, uniq_agnes
Orc:1:    enter_bailey_2, serial_shops, shop, shop, shop, shop, basic_altar
Orc:2:    pf_orc_diabolical, serial_shops, shop, nicolae_for_you_no_charge,
          uniq_saint_roka
Bailey:   bailey_axe_2, bailey

Skill      XL: |  1  2  3  4  5  6  7  8  9 10 11 12 13 14 15 16 17 18 |
---------------+-------------------------------------------------------+-----
Fighting       | 4 5 6 7 8 9 10 11 13 15 17 18 20 21 | 21.2
Polearms       | 4 5 6 7 8 10 11 12 14 | 14.6
Armour         | 3 4 5 7 8 9 10 11 12 13 14 15 | 15.9
Shields        | 1 2 3 4 6 7 9 10 11 12 13 14 15 | 15.3
Dodging        | 4 6 7 8 9 10 | 10.2

Action                   |  1- 3 |  4- 6 |  7- 9 | 10-12 | 13-15 | 16-18 || total
-------------------------+-------+-------+-------+-------+-------+-------++-------
Melee: Spear             |   124 |   196 |   334 |       |       |       ||   654
       Trident           |       |       |   240 |   813 |       |       ||  1053
       Demon trident     |       |       |       |   244 |  2044 |  2546 ||  4834
 Fire: Hunting sling     |    18 |    29 |    12 |     1 |       |       ||    60
Throw: Tomahawk          |       |       |       |     1 |       |       ||     1
       Javelin           |       |       |       |       |       |     1 ||     1
Invok: Berserk           |       |     2 |     8 |    12 |     5 |     5 ||    32
       Trog's Hand       |       |     1 |     7 |     4 |     8 |     5 ||    25
       Burn Spellbooks   |       |       |     1 |     1 |     1 |     2 ||     5
       Brothers in Arms  |       |       |       |       |       |     4 ||     4
Evoke: Wand              |       |       |       |     5 |       |     1 ||     6
  Use: Scroll            |     4 |     7 |     8 |    14 |    11 |    15 ||    59
       Potion            |       |       |     1 |     3 |     2 |     2 ||     8
 Stab: Sleeping          |     2 |       |       |       |       |       ||     2
       Invisible         |       |       |       |       |     5 |       ||     5
       Petrified         |       |       |       |       |     2 |       ||     2
       Confused          |       |       |       |       |       |     5 ||     5
  Eat: Chunk             |       |     7 |    16 |    29 |    33 |    31 ||   116
       Royal jelly       |       |       |     2 |     4 |     3 |     6 ||    15
       Fruit             |       |       |       |    13 |       |     1 ||    14
Armor: Animal skin       |    18 |       |       |       |       |       ||    18
       Chain mail        |     3 |    68 |     9 |       |       |       ||    80
       Plate armour      |       |       |   216 |   275 |   505 |  1069 ||  2065
Dodge: Dodged            |    47 |    32 |    55 |   113 |   275 |   721 ||  1243
Block: Shield            |    12 |    62 |   198 |   370 |   810 |  1904 ||  3356
       Reflection        |       |       |       |       |    14 |    13 ||    27

Table legend:
 A = Spawn XP
 B = Non-spawn XP
 C = Spawn XP percentage of total XP
 D = Spawn monster count
 E = Non-spawn monster count
 F = Spawn count percentage of total count
 G = Total turns spent on level
                    A         B        C        D         E        F      G
               +---------+---------+-------+---------+---------+-------+---------
         Total |   14716 |  274191 |   5.1 |      23 |    1134 |   2.0 | 34046
               +---------+---------+-------+---------+---------+-------+---------
           D:1 |       0 |      55 |   0.0 |       0 |      29 |   0.0 |   701
           D:2 |       0 |     156 |   0.0 |       0 |      20 |   0.0 |   758
           D:3 |       0 |     194 |   0.0 |       0 |      20 |   0.0 |   965
           D:4 |       0 |     589 |   0.0 |       0 |       8 |   0.0 |   680
           D:5 |       0 |    1178 |   0.0 |       0 |      35 |   0.0 |  1581
           D:6 |       0 |    2165 |   0.0 |       0 |      37 |   0.0 |   918
           D:7 |       0 |     944 |   0.0 |       0 |      10 |   0.0 |   692
           D:8 |       0 |    4366 |   0.0 |       0 |      30 |   0.0 |  1089
           D:9 |       0 |     771 |   0.0 |       0 |      16 |   0.0 |   730
          D:10 |       0 |    3757 |   0.0 |       0 |      45 |   0.0 |  1626
          D:11 |       0 |    3348 |   0.0 |       0 |      37 |   0.0 |  1071
          D:12 |       0 |    3095 |   0.0 |       0 |      16 |   0.0 |  1348
          D:13 |       0 |   12179 |   0.0 |       0 |      41 |   0.0 |  1093
          D:14 |       0 |   15933 |   0.0 |       0 |      44 |   0.0 |   737
          D:15 |       0 |   12884 |   0.0 |       0 |      39 |   0.0 |   677
        Lair:1 |       0 |    5823 |   0.0 |       0 |      20 |   0.0 |  1300
        Lair:2 |       0 |    2434 |   0.0 |       0 |      10 |   0.0 |   718
        Lair:3 |       0 |   11161 |   0.0 |       0 |      55 |   0.0 |  1558
        Lair:4 |       0 |    8876 |   0.0 |       0 |      32 |   0.0 |  1059
        Lair:5 |       0 |    6492 |   0.0 |       0 |      16 |   0.0 |  1091
        Lair:6 |       0 |   22139 |   0.0 |       0 |      57 |   0.0 |  1853
       Swamp:1 |       0 |   11627 |   0.0 |       0 |      39 |   0.0 |   925
       Swamp:2 |       0 |   13125 |   0.0 |       0 |      39 |   0.0 |  1140
       Swamp:3 |       0 |   12589 |   0.0 |       0 |      27 |   0.0 |  1256
       Swamp:4 |       0 |   28555 |   0.0 |       0 |      62 |   0.0 |  1613
      Spider:1 |       0 |   25449 |   0.0 |       0 |      70 |   0.0 |  1674
      Spider:2 |       0 |   11136 |   0.0 |       0 |      30 |   0.0 |   829
      Spider:3 |       0 |    6958 |   0.0 |       0 |      31 |   0.0 |   711
      Spider:4 |       0 |   17568 |   0.0 |       0 |      50 |   0.0 |   606
         Orc:1 |     157 |    4706 |   3.2 |       1 |      45 |   2.2 |   981
         Orc:2 |       0 |   23587 |   0.0 |       0 |      90 |   0.0 |  1328
       Abyss:1 |   14559 |       0 | 100.0 |      22 |       0 | 100.0 |   475
        Bailey |       0 |     352 |   0.0 |       0 |      34 |   0.0 |   261
               +---------+---------+-------+---------+---------+-------+---------
